 Dungeon Crawl Stone Soup version 0.30-a0-358-g0d69a1922f (webtiles) character file.

Game seed: 4254995100015186189

350 ryw the Caller (level 6, -1/34 HPs)
             Began as a Deep Elf Summoner on Nov 8, 2022.
             Killed from afar by Edmund (13 damage)
             ... with a bolt of dispelling energy
             ... on level 4 of the Dungeon.
             The game lasted 00:12:05 (4200 turns).

ryw the Caller (Deep Elf Summoner)                  Turns: 4200, Time: 00:12:06

Health: -1/34      AC:  7    Str:  9    XL:     6   Next: 34%
Magic:  18/25      EV: 13    Int: 22    God:
Gold:   163        SH:  0    Dex: 15    Spells: 3/16 levels left

rFire   . . .      SeeInvis .    z - +6 hammer "Seymewo" {holy, rC+ MP+9 Str+4}
rCold   + . .      Faith    .    (no shield)
rNeg    . . .      Spirit   .    a - +0 robe
rPois   .          Reflect  .    (no helmet)
rElec   .          Harm     .    p - +0 cloak
rCorr   .          Rampage  .    (no gloves)
Will    .....                    (no boots)
Stlth   ++........               g - amulet of regeneration
HPRegen 1.05/turn                f - +4 ring of protection
MPRegen 0.19/turn                (no ring)

@: no status effects
A: no striking features
a: no special abilities


You were on level 4 of the Dungeon.
You visited 1 branch of the dungeon, and saw 4 of its levels.

You collected 163 gold pieces.

Inventory:

Hand Weapons
 n - a +0 vampiric spear
 s - a +2 dagger of holy wrath
 z - the +6 hammer "Seymewo" (weapon) {holy, rC+ MP+9 Str+4}
   (You found it on level 4 of the Dungeon)

   It has been blessed by the Shining One to cause great damage to the undead
   and demons.
   Str:       It affects your strength (+4).
   rC:        It protects you from cold.
   MP:        It affects your magic capacity (+9).
 B - the +5 hammer of Unlif {flame, +Blink}
   (You found it on level 4 of the Dungeon)

   It burns those it strikes, dealing additional fire damage.
   +Blink:    It lets you blink.
Missiles
 y - 6 datura-tipped darts
Armour
 a - a +0 robe (worn)
 p - a +0 cloak (worn)
 A - a +0 cloak of preservation
Jewellery
 f - a +4 ring of protection (left hand)
 g - an amulet of regeneration (around neck)
Wands
 u - a wand of quicksilver (6)
 x - a wand of flame (15)
Scrolls
 d - a scroll of enchant weapon {unknown}
 h - 2 scrolls of teleportation {unknown}
 i - a scroll of fear {unknown}
 j - a scroll of vulnerability {unknown}
 k - a scroll of immolation {unknown}
 l - a scroll of noise {unknown}
 q - a scroll of amnesia {unknown}
 t - a scroll of poison {unknown}
 v - 2 scrolls of identify {unknown}
Potions
 b - a potion of magic
 c - a potion of haste
 e - 5 potions of heal wounds {unknown}
 m - a potion of curing {unknown}
 o - a potion of berserk rage {unknown}
 w - a potion of flight {unknown}


   Skills:
 + Level 1.4 Fighting
 + Level 0.2 Maces & Flails
 + Level 3.5 Dodging
 - Level 2.4 Stealth
 + Level 5.5 Spellcasting
 + Level 2.4 Hexes
 + Level 5.8 Summonings
 + Level 1.2 Air Magic


You had 3 spell levels left.
You knew the following spells:

 Your Spells              Type           Power      Damage    Failure   Level
a - Summon Small Mammal   Summ           100%       N/A       1%          1
b - Call Imp              Summ           31%        N/A       1%          2
c - Call Canine Familiar  Summ           31%        N/A       2%          3
d - Summon Guardian Gole  Hex/Summ       24%        N/A       5%          3
e - Summon Lightning Spi  Summ/Air       21%        N/A       22%         4

Your spell library contained the following spells:

 Spells                   Type           Power      Damage    Failure   Level
 Sandblast                Erth           12%        2d6       10%         1
 Passwall                 Tmut/Erth      5%         N/A       14%         2
 Ignite Poison            Fire/Tmut/Pois 6%         N/A       28%         3
 Stone Arrow              Conj/Erth      12%        3d7       28%         3
 Sticky Flame             Conj/Fire      6%         2d3       67%         4
 Ignition                 Fire           3%         3d4       100%        8


Dungeon Overview and Level Annotations

Branches:
Dungeon (4/15)
 Temple: D:4-7

Altars:
Elyvilon
Fedhas
Kikubaaqudgha

Annotations:
D:3 2 transporters, Darkkill's ghost, amateur MiHu
D:4 Edmund


Message History

Your shadow imp disappears in a puff of smoke!
A scorpion comes into view.
You swap places.
You see here a +0 vampiric spear.
n - a +0 vampiric spear
Found an escape hatch in the ceiling.
There is an escape hatch in the ceiling here.
Your wolf disappears in a puff of smoke!
Edmund and an adder come into view.
Edmund is wielding a +3 dire flail of holy wrath, wearing a +1 leather armour of cold resistance and carrying a wand of quicksilver (8).
Found a stone staircase leading down.
Edmund shouts!
Edmund zaps a wand.
The bolt of dispelling energy misses you.
The adder moves out of view.
Cast which spell? (? or * to list)
Casting: Call Canine Familiar (dangerous; 2% risk of failure)
Confirm with . or Enter, or press ? or * to list all spells.
A guardian golem appears, shielding your allies.
Casting: Summon Guardian Golem (dangerous; 5% risk of failure)
Confirm with . or Enter, or press ? or * to list all spells.
A beastly little devil appears in a puff of flame.
Edmund zaps a wand.
The bolt of dispelling energy hits your hound!
Your hound dies!
Your hound's corpse disappears in a puff of smoke!
The bolt of dispelling energy hits you!
Unknown command.
Edmund zaps a wand.
The bolt of dispelling energy hits your crimson imp!
Your crimson imp's magical effects unravel!
The bolt of dispelling energy hits you!
* * * LOW HITPOINT WARNING * * *
Unknown command.
Your crimson imp hits Edmund.
Edmund zaps a wand.
The bolt of dispelling energy hits your crimson imp!
Your crimson imp's magical effects unravel!
The bolt of dispelling energy hits you!
You die...

.. ########### #.. ... ...
#..(....... #.. .... ....
#.######### .#... ...
....###.# >........
......#.# ..#.#.#
#####...######### ......
.................
.####.#.##########...####...
....@5.....@.........# #...
####9#.##########.#.# #...
#......... #.#.# #...
#..###### #.#.# #...
#.......# #.#.####...
#...###.# #.#...##... #...#
#.#.#.†#... #...#
#.#.##..... ######...#
#.####..#


You could see Edmund (ally target), a friendly guardian golem (summoned) and a
friendly crimson imp (summoned).

Vanquished Creatures
  An adder (D:4)
  An endoplasm (D:3)
  A goblin (D:2)
  2 hobgoblins
  A ball python (D:4)
6 creatures vanquished.

Vanquished Creatures (collateral kills)
  An ogre (D:3)
  A jelly (D:4)
  An iguana (D:4)
  Robin (D:3)
  5 gnolls
  An adder (D:3)
  3 worms
  A dart slug (D:1)
  2 orcs (D:3)
  6 ball pythons
  6 bats
  6 endoplasms
  3 giant cockroaches
  16 goblins
  10 hobgoblins
  8 jackals (D:1)
  3 kobolds
  4 quokkas
  2 frilled lizards (D:1)
  3 rats
83 creatures vanquished.

Vanquished Creatures (others)
  Crazy Yiuf (D:4)
  2 fungi (D:4)
  6 plants (D:3)
9 creatures vanquished.

Grand Total: 98 creatures vanquished

Notes
Turn   | Place    | Note
-------+----------+-------------------------------------------
     0 | D:1      | ryw the Deep Elf Summoner began the quest for the Orb.
     0 | D:1      | Reached XP level 1. HP: 10/10 MP: 6/6
   199 | D:1      | Reached XP level 2. HP: 15/15 MP: 2/8
   221 | D:1      | Learned a level 2 spell: Call Imp
   530 | D:1      | Reached XP level 3. HP: 19/19 MP: 6/10
   534 | D:1      | Learned a level 3 spell: Call Canine Familiar
   571 | D:1      | Found a faded altar of an unknown god.
   580 | D:1      | Reached skill level 5 in Summonings
  1274 | D:2      | Learned a level 3 spell: Summon Guardian Golem
  1521 | D:2      | Reached XP level 4. HP: 24/24 MP: 12/12
  1739 | D:3      | Found a blossoming altar of Fedhas.
  1950 | D:3      | Noticed Robin
  1980 | D:3      | Reached skill level 1 in Hexes
  2178 | D:3      | Killed Robin
  2179 | D:3      | Reached skill level 5 in Spellcasting
  2179 | D:3      | Reached XP level 5. HP: 28/28 MP: 6/14
  2499 | D:3      | Learned a level 4 spell: Summon Lightning Spire
  2574 | D:3      | Noticed an ogre
  2580 | D:3      | Killed an ogre
  2581 | D:3      | Reached skill level 1 in Fighting
  2776 | D:3      | Found a transporter.
  2777 | D:3      | Found a transporter.
  3054 | D:3      | Found a white marble altar of Elyvilon.
  3164 | D:3      | Noticed Darkkill's ghost (amateur MiHu)
  3787 | D:4      | Reached skill level 1 in Air Magic
  3787 | D:4      | Reached XP level 6. HP: 34/34 MP: 10/16
  3913 | D:4      | Identified the +6 hammer "Seymewo" {holy, rC+ MP+9 Str+4}
  3916 | D:4      | Found a runed translucent door.
  3917 | D:4      | Noticed Crazy Yiuf
  3976 | D:4      | Killed Crazy Yiuf
  4012 | D:4      | Identified the +5 hammer of Unlif {flame, +Blink}
  4050 | D:4      | Found an ancient bone altar of Kikubaaqudgha.
  4193 | D:4      | Noticed Edmund
  4200 | D:4      | Killed from afar by Edmund

Illustrated notes

Levels and vault maps discovered:
D:1:      sevenhm_arrival_forest_fort_large_2, layout_basic,
          ebering_ecumenical_altar_sacrificial, chequers_avenue
D:2:      layout_rooms
D:3:      layout_basic, nicolae_elyvilon_temple_path,
          mainiacjoe_overflow_surrounded_room, gammafunk_ghost_gnarly_gnolls,
          uniq_robin
D:4:      layout_basic, kiku_gazebo_pond_becter, mainiacjoe_overflow_swirl,
          minmay_misc_feat_doors, uniq_crazy_yiuf_cottage, uniq_edmund

Skill      XL: |  1  2  3  4  5 |
---------------+----------------+-----
Spellcasting   | 4 5 |  5.5
Summonings     | 5 |  5.8
Hexes          | 1 2 |  2.4
Dodging        | 3 |  3.5
Fighting       | 1 |  1.4
Air Magic      | 1 |  1.2
Maces & Flails | |  0.2
Stealth        | |  2.4

Action                   |  1- 3 |  4- 6 || total
-------------------------+-------+-------++-------
Melee: Unarmed           |     7 |       ||     7
       Dagger            |       |    29 ||    29
       Mace              |       |     3 ||     3
       Punch             |       |     1 ||     1
 Cast: Summon Small Mamm |    18 |     5 ||    23
       Call Imp          |     9 |    18 ||    27
       Call Canine Famil |     8 |    23 ||    31
       Summon Guardian G |       |     8 ||     8
 Stab: Distracted        |       |     1 ||     1
Armor: Robe              |    18 |    10 ||    28
Dodge: Dodged            |    23 |    31 ||    54

Table legend: (Time is in decaauts)
 A = Elapsed time spent in this place.
 B = Non-inter-level travel time spent in this place.
 C = Inter-level travel time spent in this place.
 D = Time resting spent in this place.
 E = Time spent auto-exploring this place.
 F = Levels seen in this place.
 G = Mean time per level.
                   A        B        C        D        E       F      G
               +--------+--------+--------+--------+--------+-----+--------+
         Total |   4203 |   3961 |    242 |    301 |   2835 |   4 | 1050.8 |
       Dungeon |   4203 |   3961 |    242 |    301 |   2835 |   4 | 1050.8 |
               +--------+--------+--------+--------+--------+-----+--------+

Top non-repeatable levels by time:
     D:3: 1658 daAuts
     D:1: 1077 daAuts
     D:4: 752 daAuts
     D:2: 715 daAuts
